 Dungeon Crawl Stone Soup version 0.19.0-20-gbc5f0c6 (webtiles) character file.

348 equalderp2856 the Scratcher (level 6, -7/28 HPs)
             Began as a Felid Fighter on Nov 17, 2016.
             Splashed by a jelly's acid (10 damage)
             ... on level 4 of the Dungeon.
             The game lasted 00:14:17 (6480 turns).

equalderp2856 the Scratcher (Felid Fighter)         Turns: 6480, Time: 00:14:20

Health: -7/28      AC: -2    Str: 13    XL:     6   Next: 33%
Magic:  7/7        EV: 21    Int:  9    God:
Gold:   163        SH:  0    Dex: 17    Spells: 0 memorised, 5 levels left
                                        Lives:  0   Deaths: 2

rFire  . . .     SeeInvis +       - Unarmed
rCold  . . .     Gourm    .     (armour unavailable)
rNeg   . . .     Faith    .     (shield unavailable)
rPois  .         Spirit   .     (helmet unavailable)
rElec  .         Reflect  .     (cloak unavailable)
rCorr  .         Harm     .     (gloves unavailable)
MR     .....                    (boots unavailable)
Stlth  +++.......               (no amulet)
                                (no ring)
                                (no ring)

@: lethally poisoned (-7 -> -10), corroded, quick
A: no armour, no weapons or thrown items, stealth, claws 1, fangs 3, see
invisible, carnivore 3, speed 1, shaggy fur 2, slow metabolism 1, sharp paws
a: no special abilities


You were on level 4 of the Dungeon.
You were not hungry.

You visited 1 branch of the dungeon, and saw 5 of its levels.

You collected 218 gold pieces.
You spent 55 gold pieces at shops.

Inventory:

Wands
 p - a wand of random effects (8/48)
 r - a wand of paralysis (4/24)
Scrolls
 c - 4 scrolls of teleportation {unknown}
 d - 2 scrolls of noise {unknown}
 e - 4 scrolls of remove curse {unknown}
 g - 2 scrolls of amnesia {unknown}
 h - a scroll of blinking {unknown}
 i - a scroll of recharging {unknown}
 k - 3 scrolls of identify {unknown}
 n - a scroll of immolation {unknown}
Potions
 a - a potion of might
 f - a potion of cure mutation {unknown}
 j - a potion of curing
 l - a potion of resistance {unknown}
 m - 2 potions of cancellation {unknown}
 o - a potion of degeneration
 q - a potion of berserk rage {unknown}
Comestibles
 b - 4 meat rations


   Skills:
 + Level 3.7 Fighting
 + Level 6.1 Dodging
 + Level 3.6 Stealth
 + Level 7.5 Unarmed Combat


You had 5 spell levels left.
You didn't know any spells.

Dungeon Overview and Level Annotations

Branches:
Dungeon (5/15)
 Temple: D:4-7

Altars:
Ashenzari
Fedhas
Gozag
Trog
Vehumet
Xom

Shops:
D:4 !

Annotations:
D:4 Menkaure; smedtjen's ghost, amateur DsFE


Innate Abilities, Weirdness & Mutations

You cannot wear armour.
You are incapable of wielding weapons or throwing items.
Your paws allow you to move quietly. (Stealth)
You have sharp claws.
You have razor-sharp teeth.
You have supernaturally acute eyesight. (SInv)
You are carnivorous and can eat meat at any time.
You cover ground quickly.
You are covered in thick fur. (AC +2)
You have a slow metabolism.
Your sharp claws are effective at attacking unaware monsters.


Message History

The adder misses you.
You claw the adder!
You kill the adder!
The bullfrog zombie hits you but does no damage.
The jelly closely misses you.
The bullfrog zombie hits you but does no damage.
Unknown command.
The jelly barely misses you.
The bullfrog zombie completely misses you.
You climb upwards.
Level annotation: Menkaure; smedtjen's ghost, amateur DsFE You feel sick.
There is a stone staircase leading down here.
You scratch the jelly.
Your paws burn!
* * * LOW HITPOINT WARNING * * *
The jelly is lightly wounded.
The jelly hits you.
* * * LOW HITPOINT WARNING * * *
The acid corrodes you!
You are splashed with acid!
The acid burns!
You die...

#.# #............# #.##
####.#######.####.....###
####...
.....)..............#.#
#......
#################.....#
#.##### #....## #.#
##....# #.# #.....# #)#
#J..#.# ####.#
#@..#(###....#
#.........##.#####
#.......##........
#.................
#.#.....#...####.#
#...........####.#
#####............#
##############


You could see a jelly.

Vanquished Creatures
  2 ogres (D:4)
  A howler monkey (D:3)
  4 crimson imps (D:4)
  A bullfrog zombie (D:3)
  A bullfrog skeleton (D:5)
  4 worker ants
  9 adders
  3 oozes
  2 adder skeletons (D:4)
  6 worms
  3 dart slugs
  12 orcs
  4 giant cockroaches
  11 goblins
  4 hobgoblins
  6 bats
  9 frilled lizards
  4 kobolds
  4 rats
90 creatures vanquished.

Notes
Turn   | Place    | Note
-------+----------+-------------------------------------------
     0 | D:1      | equalderp2856 the Felid Fighter began the quest for the Orb.
     0 | D:1      | Reached XP level 1. HP: 10/10 MP: 2/2
   363 | D:1      | Reached XP level 2. HP: 14/14 MP: 3/3
   738 | D:2      | Found a bloodstained altar of Trog.
  1309 | D:2      | Reached XP level 3. HP: 14/17 MP: 4/4
  1310 | D:2      | Found a shattered altar of Ashenzari.
  1366 | D:2      | Found an opulent altar of Gozag.
  1571 | D:2      | Found a blossoming altar of Fedhas.
  1941 | D:2      | Reached XP level 4. HP: 21/21 MP: 5/5
  2100 | D:2      | Reached skill level 1 in Stealth
  2349 | D:3      | Reached skill level 5 in Unarmed Combat
  2442 | D:3      | Reached skill level 5 in Dodging
  2642 | D:3      | Slain by a worker ant
  2643 | D:3      | Reached XP level 3. HP: 0/17 MP: 4/4
  2675 | D:3      | Reached XP level 4. HP: 12/21 MP: 5/5
  3106 | D:3      | Found a radiant altar of Vehumet.
  3233 | D:4      | Noticed smedtjen's ghost (amateur DsFE)
  3967 | D:3      | Reached XP level 5. HP: 20/24 MP: 6/6
  4112 | D:4      | Reached skill level 6 in Unarmed Combat
  4176 | D:4      | Found Zivischue's Distillery.
  4181 | D:4      | Bought a potion of heal wounds for 55 gold pieces
  4447 | D:4      | Noticed an ogre
  4701 | D:4      | Killed an ogre
  4701 | D:4      | Gained mutation: You are covered in thick fur. (AC +2) [Felid growth]
  4701 | D:4      | Reached XP level 6. HP: 15/28 MP: 7/7
  4843 | D:4      | Noticed Menkaure
  5108 | D:5      | Entered Level 5 of the Dungeon
  5407 | D:4      | Reached skill level 7 in Unarmed Combat
  5490 | D:4      | Paralysed by an orc for 5 turns
  5513 | D:4      | Paralysed by an orc for 3 turns
  5594 | D:4      | Found a shimmering altar of Xom.
  5619 | D:4      | Reached XP level 7. HP: 27/31 MP: 8/8
  5984 | D:4      | HP: 1/31 [smedtjen's ghost/puff of flame (9)]
  5988 | D:4      | Killed from afar by smedtjen's ghost
  5989 | D:4      | Reached XP level 6. HP: -10/28 MP: 7/7
  6480 | D:4      | Splashed by a jelly's acid

Skill      XL: |  1  2  3  4  5  6 |
---------------+-------------------+-----
Stealth        | 1 2 3 |  3.6
Unarmed Combat | 5 6 7 |  7.5
Dodging        | 5 6 |  6.1
Fighting       | |  3.7

Action                   |  1- 3 |  4- 6 |  7- 9 || total
-------------------------+-------+-------+-------++-------
Melee: Unarmed           |    99 |   223 |     6 ||   328
       Bite              |    11 |    22 |       ||    33
       Punch             |     1 |     5 |       ||     6
  Use: Potion            |     2 |     1 |       ||     3
 Stab: Sleeping          |     2 |     3 |       ||     5
       Distracted        |       |       |     1 ||     1
  Eat: Chunk             |     2 |     3 |       ||     5
Armor: Skin              |     8 |    12 |     1 ||    21
Dodge: Dodged            |    98 |   159 |     4 ||   261
